 Dungeon Crawl Stone Soup version 0.24.0-29-g8ce449bc06 (webtiles) character file.

Game seed: 8062626901335266030, levelgen mode: deterministic

4232 FishyPogo the Magician (level 10, -5/74 HPs)
             Began as a Gnoll Fire Elementalist on Nov 16, 2019.
             Was a Priest of Okawaru.
             Slain by Gastronok (25 damage)
             ... on level 8 of the Dungeon.
             The game lasted 00:26:23 (7392 turns).

FishyPogo the Magician (Gnoll Fire Elementalist)    Turns: 7392, Time: 00:26:23

Health: -5/74      AC:  4    Str: 11    XL:     10   Next: 30%
Magic:  3/20       EV: 23    Int: 20    God:    Okawaru [***...]
Gold:   358        SH: 10    Dex: 16    Spells: 10/23 levels left

rFire    . . .     SeeInvis .   a - +3 falchion
rCold    . . .     Gourm    .   L - +0 buckler
rNeg     . . .     Faith    .   A - +0 robe
rPois    .         Spirit   .   B - +0 helmet
rElec    .         Reflect  +   F - scarf {repulsion}
rCorr    .         Harm     .   (no gloves)
MR       .....                  (no boots)
Stlth    +++.......             m - +5 amulet of reflection
HPRegen  0.22/turn              f - +1 ring of protection
MPRegen  0.17/turn              p - +6 ring of evasion

@: about to teleport, slowed, repel missiles, very slow
A: distributed training, fangs 1, strong nose
a: Heroism, Renounce Religion


You were on level 8 of the Dungeon.
You worshipped Okawaru.
Okawaru was most pleased with you.
You were not hungry.

You visited 2 branches of the dungeon, and saw 9 of its levels.

You collected 358 gold pieces.

Inventory:

Hand Weapons
 a - a +3 falchion (weapon)
Missiles
 i - 225 stones (quivered)
 x - 22 boomerangs
 y - 2 poisoned darts
 K - 2 throwing nets
Armour
 s - +0 shadow dragon scales
 A - a +0 robe (worn)
 B - a +0 helmet (worn)
 F - a scarf of repulsion (worn)
 L - a +0 buckler (worn)
Jewellery
 f - a +1 ring of protection (left hand)
 m - a +5 amulet of reflection (around neck)
 p - a +6 ring of evasion (right hand)
 w - an uncursed ring of flight
 I - an uncursed ring of ice
Wands
 t - a wand of flame (39)
 C - a wand of iceblast (5)
 E - a wand of polymorph (8)
 H - a wand of paralysis (8)
Scrolls
 d - 6 scrolls of identify {unknown}
 j - 2 scrolls of enchant armour {unknown}
 k - 5 scrolls of remove curse {unknown}
 l - 3 scrolls of amnesia {unknown}
 n - a scroll of teleportation
 r - a scroll of fear
 u - a scroll of magic mapping
 v - 2 scrolls of fog {unknown}
 G - a scroll of noise {unknown}
 J - a scroll of random uselessness {unknown}
Potions
 b - 3 potions of cancellation {unknown}
 e - 2 potions of heal wounds
 g - 3 potions of brilliance {unknown}
 h - 4 potions of mutation {unknown}
 o - 5 potions of curing {unknown}
 q - a potion of magic {unknown}
 z - a potion of lignification {unknown}
 D - a potion of berserk rage {unknown}
Comestibles
 c - 14 rations
 M - a chunk of flesh


   Skills:
 + Level 5.0 Fighting
 + Level 5.0 Short Blades
 + Level 5.0 Long Blades
 + Level 5.0 Axes
 + Level 5.0 Maces & Flails
 + Level 5.0 Polearms
 + Level 5.0 Staves
 + Level 5.0 Slings
 + Level 5.0 Bows
 + Level 5.0 Crossbows
 + Level 5.0 Throwing
 + Level 5.0 Armour
 + Level 6.9 Dodging
 + Level 6.6 Stealth
 + Level 5.0 Shields
 + Level 5.0 Unarmed Combat
 + Level 7.2 Spellcasting
 + Level 4.7 Conjurations
 + Level 4.2 Hexes
 + Level 4.2 Charms
 + Level 4.2 Summonings
 + Level 4.2 Necromancy
 + Level 4.2 Translocations
 + Level 4.2 Transmutations
 + Level 7.0 Fire Magic
 + Level 4.2 Ice Magic
 + Level 4.2 Air Magic
 + Level 4.2 Earth Magic
 + Level 4.2 Poison Magic
 + Level 5.5 Invocations
 + Level 5.0 Evocations


You had 10 spell levels left.
You knew the following spells:

 Your Spells              Type           Power        Failure   Level  Hunger
a - Flame Tongue          Conj/Fire      ####.        1%          1    None
b - Throw Flame           Conj/Fire      ####..       1%          2    None
j - Conjure Flame         Conj/Fire      ####....     2%          3    #......
p - Sticky Flame          Conj/Fire      ####....     9%          4    ###....
y - Spider Form           Tmut/Pois      ###.......   4%          3    #......

Your spell library contained the following spells:

 Spells                   Type           Power        Failure   Level  Hunger
 Beastly Appendage        Tmut           ###...       1%          1    None
 Confusing Touch          Hex            ###...       1%          1    None
 Freeze                   Ice            ###.         1%          1    None
 Sticks to Snakes         Tmut           ###.....     2%          2    None
 Throw Frost              Conj/Ice       ####..       2%          2    None
 Inner Flame              Hex/Fire       ####....     2%          3    #......
 Confuse                  Hex            ###.....     4%          3    #......
 Gell's Gravitas          Tloc           ###.......   4%          3    #......
 Ozocubu's Armour         Chrm/Ice       ###.....     4%          3    #......
 Throw Icicle             Conj/Ice       ####....     14%         4    ###....
 Ice Form                 Ice/Tmut       ###.....     16%         4    ###....
 Petrify                  Tmut/Erth      ###.....     16%         4    ###....
 Summon Ice Beast         Ice/Summ       ###.....     16%         4    ###....
 Fireball                 Conj/Fire      ####......   22%         5    #####..
 Blade Hands              Tmut           ###.......   41%         5    #####..
 Metabolic Englaciation   Hex/Ice        ###.......   41%         5    #####..
 Yara's Violent Unravell  Hex/Tmut       ###.......   41%         5    #####..


Dungeon Overview and Level Annotations

Branches:
Dungeon (8/15)             Temple (1/1) D:6
   Lair: D:8-11

Altars:
Ashenzari
Cheibriados
Elyvilon
Fedhas
Gozag
Hepliaklqana
Kikubaaqudgha
Makhleb
Nemelex Xobeh
Okawaru
Qazlal
Ru
Sif Muna
Trog
Uskayaw
Vehumet
Wu Jian
Xom
Yredelemnul
Zin
The Shining One
Beogh

Annotations:
D:8 Gastronok


Innate Abilities, Weirdness & Mutations

Your experience applies equally to all skills.
You have very sharp teeth.
Your uncanny sense of smell can sniff out nearby items.


Message History

You feel sluggish.
You slash Gastronok!
Gastronok is lightly wounded.
You hit Gastronok.
Gastronok is lightly wounded.
Gastronok gurgles, "It's true, you are what you eat."
Gastronok casts a spell at you.
You feel yourself slow down.
You hit Gastronok but do no damage. Your bite misses Gastronok.
Gastronok is lightly wounded.
You slash Gastronok!
Gastronok is lightly wounded.
Gastronok waves his eye-stalks in wide circles.
The air twists around and strikes you!!!
Ouch! That really hurt!
* * * LOW HITPOINT WARNING * * *
As you read the scroll labeled JUPLESCHESEEN, it crumbles to dust.
You feel strangely unstable.
It was a scroll of teleportation.
Gastronok bites you!!
You die...

**,**###* *###.....##
**,.#....#*###....:..(..
*,,,$.....##...,,.......
**,,#.........##,##.....
**,#..........###......
*##..##*#.....##......
###....###........#....
#.......#.........#....
#....)@w............###
##..##†#...#.....#..÷..
#######...#......##).. ****
#.....(.......###...
*,,**#.....%.......#*###.
*,,*#.....K..........,*..
********,....#.............,...
*,,,,***,....#.YKS.>.....,,.###
*,,,*,,*,...*#...).......,..***


You could see Gastronok.

Vanquished Creatures
  An oklob plant (D:7)
  2 hippogriffs (D:8)
  Grum (D:8)
  A hungry ghost (D:7)
  2 ice beasts (D:8)
  An orc warrior (D:6)
  A sky beast (D:5)
  4 ogres
  3 phantoms
  2 wolves
  A hornet zombie (D:6)
  A big kobold (D:8)
  2 centaurs
  6 bullfrogs
  A water moccasin skeleton (D:6)
  A scorpion (D:6)
  3 wights (D:7)
  2 howler monkeys
  A crimson imp (D:5)
  2 centaur zombies
  2 bullfrog skeletons (D:4)
  3 hounds
  7 jellies
  3 orc priests
  Jessica (D:3)
  An orc wizard (D:7)
  8 worker ants
  A killer bee zombie (D:5)
  2 hound skeletons
  A howler monkey zombie (D:5)
  3 gnolls
  10 adders
  2 shadow imps
  15 oozes
  3 adder skeletons
  A dart slug (D:5)
  5 leopard geckos
  6 orcs
  A ball python (D:4)
  4 bats
  7 giant cockroaches
  13 goblins
  6 hobgoblins
  9 jackals
  21 kobolds
  3 quokkas
  9 frilled lizards
  A quokka zombie (D:6)
  11 rats
  3 bushes (D:1)
200 creatures vanquished.

Vanquished Creatures (others)
  A fungus (D:7)
1 creature vanquished.

Grand Total: 201 creatures vanquished

Notes
Turn   | Place    | Note
-------+----------+-------------------------------------------
     0 | D:1      | FishyPogo the Gnoll Fire Elementalist began the quest for
                  | the Orb.
     0 | D:1      | Reached XP level 1. HP: 13/13 MP: 6/6
   168 | D:1      | Reached XP level 2. HP: 17/19 MP: 1/7
   188 | D:1      | Learned a level 2 spell: Throw Flame
   438 | D:1      | Reached XP level 3. HP: 23/25 MP: 1/9
   443 | D:1      | Learned a level 3 spell: Conjure Flame
   492 | D:1      | Reached skill level 5 in Spellcasting
  1078 | D:2      | Reached skill level 1 in Invocations
  1304 | D:2      | Reached skill level 1 in Fighting
  1304 | D:2      | Reached skill level 1 in Short Blades
  1304 | D:2      | Reached skill level 1 in Long Blades
  1304 | D:2      | Reached skill level 1 in Axes
  1304 | D:2      | Reached skill level 1 in Maces & Flails
  1304 | D:2      | Reached skill level 1 in Polearms
  1304 | D:2      | Reached skill level 1 in Staves
  1304 | D:2      | Reached skill level 1 in Slings
  1304 | D:2      | Reached skill level 1 in Bows
  1304 | D:2      | Reached skill level 1 in Crossbows
  1304 | D:2      | Reached skill level 1 in Throwing
  1304 | D:2      | Reached skill level 1 in Armour
  1304 | D:2      | Reached skill level 1 in Shields
  1304 | D:2      | Reached skill level 1 in Unarmed Combat
  1304 | D:2      | Reached skill level 1 in Evocations
  1495 | D:2      | Reached XP level 4. HP: 32/32 MP: 4/11
  1811 | D:3      | Noticed Jessica
  1815 | D:3      | Killed Jessica
  1815 | D:3      | Reached skill level 1 in Hexes
  1815 | D:3      | Reached skill level 1 in Charms
  1815 | D:3      | Reached skill level 1 in Summonings
  1815 | D:3      | Reached skill level 1 in Necromancy
  1815 | D:3      | Reached skill level 1 in Translocations
  1815 | D:3      | Reached skill level 1 in Transmutations
  1815 | D:3      | Reached skill level 1 in Ice Magic
  1815 | D:3      | Reached skill level 1 in Air Magic
  1815 | D:3      | Reached skill level 1 in Earth Magic
  1815 | D:3      | Reached skill level 1 in Poison Magic
  1908 | D:3      | Reached XP level 5. HP: 37/37 MP: 9/12
  2515 | D:4      | Noticed an ogre
  2525 | D:4      | Killed an ogre
  2525 | D:4      | Reached XP level 6. HP: 44/44 MP: 2/13
  2731 | D:4      | Reached skill level 5 in Dodging
  2814 | D:4      | Noticed a phantom
  2821 | D:4      | Killed a phantom
  2821 | D:4      | Reached XP level 7. HP: 50/50 MP: 7/15
  3767 | D:4      | Found a roughly hewn altar of Beogh.
  3873 | D:5      | Entered Level 5 of the Dungeon
  3953 | D:5      | Learned a level 4 spell: Sticky Flame
  3987 | D:5      | Reached skill level 5 in Stealth
  4120 | D:5      | Reached XP level 8. HP: 52/57 MP: 7/16
  4983 | D:6      | Learned a level 3 spell: Spider Form
  5100 | D:6      | Found a staircase to the Ecumenical Temple.
  5109 | Temple   | Entered the Ecumenical Temple
  5374 | Temple   | Became a worshipper of Warmaster Okawaru
  5494 | D:7      | Reached XP level 9. HP: 65/65 MP: 2/18
  5710 | D:7      | Reached * piety under Okawaru
  5978 | D:7      | Noticed an oklob plant
  6519 | D:7      | Killed an oklob plant
  6519 | D:7      | Reached ** piety under Okawaru
  6519 | D:7      | Reached skill level 5 in Invocations
  6653 | D:8      | Noticed Grum
  6808 | D:8      | Killed Grum
  6808 | D:8      | Reached XP level 10. HP: 42/73 MP: 16/20
  6892 | D:8      | Noticed Gastronok
  7169 | D:8      | Reached skill level 5 in Fighting
  7169 | D:8      | Reached skill level 5 in Short Blades
  7169 | D:8      | Reached skill level 5 in Long Blades
  7169 | D:8      | Reached skill level 5 in Axes
  7169 | D:8      | Reached skill level 5 in Maces & Flails
  7169 | D:8      | Reached skill level 5 in Polearms
  7169 | D:8      | Reached skill level 5 in Staves
  7169 | D:8      | Reached skill level 5 in Slings
  7169 | D:8      | Reached skill level 5 in Bows
  7169 | D:8      | Reached skill level 5 in Crossbows
  7169 | D:8      | Reached skill level 5 in Throwing
  7169 | D:8      | Reached skill level 5 in Armour
  7169 | D:8      | Reached skill level 5 in Shields
  7169 | D:8      | Reached skill level 5 in Unarmed Combat
  7169 | D:8      | Reached skill level 5 in Evocations
  7234 | D:8      | Found a shimmering altar of Xom.
  7319 | D:8      | Reached *** piety under Okawaru
  7363 | D:8      | Received a gift from Okawaru
  7392 | D:8      | Slain by Gastronok

Levels and vault maps discovered:
D:1:      co_arrival_random_square_maze, layout_rooms, lexackson_kobold_supper
D:2:      layout_basic
D:3:      layout_loops_ring, uniq_jessica
D:4:      layout_layer_cave, kennysheep_orc_chapel
D:5:      layout_basic, first_ration
D:6:      layout_gridville, minmay_temple_entry_overgrown
D:7:      lemuel_slime, layout_rooms
D:8:      layout_cave_pools, grunt_ogre_cave, xom_teletrap_fun, uniq_gastronok,
          uniq_psyche, uniq_grum
Temple:   nicolae_temple_the_god_donut

Skill      XL: |  1  2  3  4  5  6  7  8  9 10 |
---------------+-------------------------------+-----
Conjurations   | 2 3 4 |  4.7
Spellcasting   | 5 6 7 |  7.2
Invocations    | 1 2 3 4 5 |  5.5
Fighting       | 1 2 3 4 5 |  5.0
Short Blades   | 1 2 3 4 5 |  5.0
Long Blades    | 1 2 3 4 5 |  5.0
Axes           | 1 2 3 4 5 |  5.0
Maces & Flails | 1 2 3 4 5 |  5.0
Polearms       | 1 2 3 4 5 |  5.0
Staves         | 1 2 3 4 5 |  5.0
Slings         | 1 2 3 4 5 |  5.0
Bows           | 1 2 3 4 5 |  5.0
Crossbows      | 1 2 3 4 5 |  5.0
Throwing       | 1 2 3 4 5 |  5.0
Armour         | 1 2 3 4 5 |  5.0
Shields        | 1 2 3 4 5 |  5.0
Unarmed Combat | 1 2 3 4 5 |  5.0
Evocations     | 1 2 3 4 5 |  5.0
Hexes          | 1 2 3 4 |  4.2
Charms         | 1 2 3 4 |  4.2
Summonings     | 1 2 3 4 |  4.2
Necromancy     | 1 2 3 4 |  4.2
Translocations | 1 2 3 4 |  4.2
Transmutations | 1 2 3 4 |  4.2
Ice Magic      | 1 2 3 4 |  4.2
Air Magic      | 1 2 3 4 |  4.2
Earth Magic    | 1 2 3 4 |  4.2
Poison Magic   | 1 2 3 4 |  4.2
Dodging        | 5 6 |  6.9
Stealth        | 5 6 |  6.6
Fire Magic     | 6 7 |  7.0

Action                   |  1- 3 |  4- 6 |  7- 9 | 10-12 || total
-------------------------+-------+-------+-------+-------++-------
Melee: Club              |    82 |    35 |     2 |       ||   119
       Bite              |    10 |     3 |    13 |     4 ||    30
       Punch             |     1 |       |     1 |       ||     2
       Falchion          |       |       |    93 |    24 ||   117
       Unarmed           |       |       |    11 |    18 ||    29
Throw: Stone             |       |       |     4 |       ||     4
 Cast: Flame Tongue      |    74 |    61 |   183 |    30 ||   348
       Throw Flame       |    16 |    13 |    39 |     9 ||    77
       Conjure Flame     |       |     1 |     5 |       ||     6
       Sticky Flame      |       |       |     6 |     4 ||    10
       Spider Form       |       |       |     1 |     1 ||     2
Evoke: Wand              |       |       |     1 |       ||     1
  Use: Scroll            |       |       |       |     3 ||     3
 Stab: Sleeping          |     1 |     2 |     1 |       ||     4
  Eat: Chunk             |     2 |     4 |    14 |     2 ||    22
Armor: Robe              |    10 |     4 |    11 |     4 ||    29
       Skin              |       |       |       |     2 ||     2
Dodge: Dodged            |    57 |    34 |   147 |    70 ||   308
       Deflected         |       |       |     2 |     2 ||     4
Block: Other             |     3 |     6 |    32 |    13 ||    54
       Buckler           |       |       |       |    28 ||    28
       Reflection        |       |       |       |     1 ||     1
       Rpst.: Falchion   |       |       |    35 |     8 ||    43
